 Dungeon Crawl Stone Soup version 0.23-a0-635-g88ca12a (webtiles) character file.

78724 Gorice the Protected (level 15, 0/136 HPs)
             Began as a Demonspawn Wanderer on Dec 24, 2018.
             Was the Champion of Makhleb.
             Killed from afar by a raiju (4 damage)
             ... with a living lightning
             ... on level 1 of the Abyss on Dec 27, 2018.
             The game lasted 01:46:53 (26200 turns).

Gorice the Protected (Demonspawn Wanderer)         Turns: 26200, Time: 01:46:54

Health: 0/136      AC: 30    Str: 16    XL:     15   Next: 19%
Magic:  22/22      EV: 11    Int: 17    God:    Makhleb [******]
Gold:   2737       SH:  0    Dex: 17    Spells: 16/16 levels left

rFire    + . .     SeeInvis .   a - +3 quarterstaff (speed)
rCold    + + .     Gourm    .   (shield currently unavailable)
rNeg     + . .     Faith    .   z - +1 plate armour {rC+}
rPois    +         Spirit   .   S - +2 hat
rElec    +         Reflect  .   v - +1 cloak
rCorr    +         Harm     .   K - +0 pair of gloves
MR       +....                  d - +2 pair of boots
Stlth    ..........             (no amulet)
HPRegen  0.32/turn              p - ring of poison resistance
MPRegen  0.18/turn              E - ring of positive energy

@: agile, resistant
A: horns 2, yellow scales 2, powered by pain 2, robust 1, spiny 2
a: Minor Destruction, Lesser Servant of Makhleb, Major Destruction, Greater
Servant of Makhleb, Renounce Religion


You were on level 1 of the Abyss.
You worshipped Makhleb.
Makhleb was exalted by your worship.
You were not hungry.

You visited 4 branches of the dungeon, and saw 20 of its levels.
You visited the Abyss 1 time.

You collected 2737 gold pieces.

Inventory:

Hand Weapons
 a - a +3 quarterstaff of speed (weapon)
   (You found it on level 3 of the Dungeon)
 i - a +0 lajatang of freezing
   (You found it on level 2 of the Lair of Beasts)
 B - a +0 blowgun
Missiles
 u - 26 tomahawks (quivered)
 D - 5 curare-tipped needles
 J - 4 javelins
 Y - 505 stones
 Z - a throwing net {!f}
Armour
 d - a +2 pair of boots (worn)
 v - a +1 cloak (worn)
 z - a +1 plate armour of cold resistance (worn)
   (You took it off an orc warlord on level 1 of the Orcish Mines)
 K - a +0 pair of gloves (worn)
 S - a +2 hat (worn)
Jewellery
 p - a ring of poison resistance (left hand)
 C - an uncursed ring of resist corrosion
 E - a ring of positive energy (right hand)
 I - an uncursed ring of ice
Wands
 j - a wand of acid (9)
 l - a wand of clouds (17)
 w - a wand of polymorph (3)
 H - a wand of iceblast (4)
 M - a wand of enslavement (18)
 O - a wand of flame (38)
 R - a wand of scattershot (4)
Scrolls
 e - 2 scrolls of fog
 k - 2 scrolls of blinking
 o - 2 scrolls of identify
 r - 4 scrolls of teleportation {!r}
 s - 4 scrolls of fear {!r}
 x - 4 scrolls of magic mapping {!r}
 A - 7 scrolls of remove curse
Potions
 b - 5 potions of curing
 g - 3 potions of might {!q}
 h - 8 potions of flight
 m - a potion of invisibility {!q}
 n - a potion of resistance {!q}
 t - 2 potions of haste {!q}
 G - a potion of berserk rage
 N - 2 potions of magic {!q}
Miscellaneous
 y - a box of beasts
Comestibles
 c - a chunk of flesh
 f - 46 rations


   Skills:
 + Level 13.4 Fighting
   Level 5.0(10.3) Maces & Flails
 - Level 13.6(14.0) Staves
 + Level 14.2 Armour
 - Level 1.7 Stealth
 - Level 1.0 Spellcasting
   Level 1.0 Hexes
   Level 1.0 Poison Magic
 + Level 10.4 Invocations


You had 16 spell levels left.
You didn't know any spells.
Your spell library contained the following spells:

 Spells                   Type           Power        Failure   Level  Hunger
 Magic Dart               Conj           #...         99%         1    ##.....
 Slow                     Hex            #.......     99%         2    ###....
 Blink                    Tloc           N/A          100%        2    ###....
 Call Imp                 Summ           #.......     100%        2    ###....
 Corpse Rot               Necr           N/A          100%        2    ###....
 Sublimation of Blood     Necr           #.........   100%        2    ###....
 Conjure Flame            Conj/Fire      #.......     100%        3    ####...
 Mephitic Cloud           Conj/Pois/Air  #.......     100%        3    ####...
 Agony                    Necr           #.......     100%        5    ######.
 Bolt of Draining         Conj/Necr      #.........   100%        5    ######.
 Dispel Undead            Necr           #.......     100%        5    ######.
 Excruciating Wounds      Chrm/Necr      #.........   100%        5    ######.


Dungeon Overview and Level Annotations

Branches:
Dungeon (11/15)            Temple (1/1) D:6            Lair (6/6) D:8
  Swamp (0/4) Lair:4        Snake (0/4) Lair:3        Slime (0/5) Lair:5
    Orc (2/2) D:10            Elf (0/3) Orc:2

Altars:
Ashenzari
Cheibriados
Dithmenos
Elyvilon
Fedhas
Gozag
Hepliaklqana
Kikubaaqudgha
Makhleb
Nemelex Xobeh
Okawaru
Qazlal
Ru
Sif Muna
Trog
Uskayaw
Vehumet
Wu Jian
Xom
Yredelemnul
Zin
The Shining One
Beogh
Jiyva

Shops:
D:5 [   Orc:2 (=:}

Annotations:
D:7 3 runed doors, Regeox's ghost, novice HOFi; TheNamelessOne's ghost, novice FoEE; flopdemafkees's ghost, novice GrMo; ohad's ghost, novice TrMo
Orc:2 Erolcha


Innate Abilities, Weirdness & Mutations

You have a pair of horns on your head.
You are mostly covered in yellow scales. (AC +3)
You sometimes gain power by taking damage.
You are robust. (+10% HP)
You are mostly covered in sharp spines.


Message History

You feel much better.
Your smoke demon hits the raiju. x3
The raiju barely misses your smoke demon.
The raiju bites your smoke demon! The raiju shocks your smoke demon!
Unknown command.
You strike the helpless raiju from behind!
You hit the raiju but do no damage. You headbutt the raiju.
The raiju is severely wounded.
You sock the raiju!
You kill the raiju!
Makhleb accepts your kill.
The raiju barely misses your smoke demon.
You see here a raiju corpse.
Unknown command.
The raiju bursts into living lightning!
The living lightning hits your smoke demon.
Your smoke demon dies!
The living lightning hits you!
* * * LOW HITPOINT WARNING * * *
The living lightning misses you.
The raiju blinks!
Damage: 20 (max 32) Unknown command.
The raiju barks!
You sock the raiju! Your headbutt misses the raiju.
The raiju is moderately wounded.
The raiju is struck by your spines. The raiju bites you but does no damage.
Unknown command.
Really quaff
n - 2 potions of resistance {!q}?
You feel protected.
The raiju bites you but does no damage. x2
Unknown command.
You feel better.
The raiju bursts into living lightning!
The living lightning misses you.
The raiju blinks!
A large abomination comes into view.
The raiju bites you but does no damage.
Unknown command.
A raiju comes into view.
The raiju barks!
The raiju bursts into living lightning!
The living lightning hits the raiju.
The raiju completely resists.
The living lightning misses you.
The raiju blinks!
The raiju bursts into living lightning!
The living lightning hits you! You resist.
* * * LOW HITPOINT WARNING * * *
The living lightning hits you! You resist.
* * * LOW HITPOINT WARNING * * *
The raiju blinks!
The raiju bursts into living lightning!
The living lightning hits you! You resist.
You die...

### # ### ## #..#.
... .. .....# ....
.. ... ... #. ..#..
####.# #.#.#######'#
#..##.##..#h#h†§.X.#
# #.. .....
.#@§###### #..##....
.#h### . . # # .. #
h##.##'## ## . .
...# ..#.... . ...
.. .####..#..... ...
#....# #...#.... ..
. #. ##..#.###......
. # ##.#.... #......
... . .#..... .


You could see a large abomination and 3 raiju.

Vanquished Creatures
  Rupert (Lair:3)
  A cacodemon (Abyss:1)
  A balrug (Abyss:1)
  An orc warlord (Orc:1)
  Josephine (D:10)
  An ice dragon (Lair:4)
  Fannar (D:9)
  4 hydras
  2 two-headed ogres
  4 death yaks (Lair:1)
  6 orc high priests (Orc:2)
  3 thrashing horrors (Abyss:1)
  3 hell knights (Abyss:1)
  A lindwurm (Lair:6)
  A large abomination (Abyss:1)
  2 necromancers (Abyss:1)
  3 orc knights
  2 orc sorcerers
  2 deep elf magi (D:10)
  5 black mambas
  A molten gargoyle (Lair:6)
  An apocalypse crab (Abyss:1)
  An orange demon (Abyss:1)
  A gargoyle (D:10)
  6 spiny frogs
  14 rime drakes
  17 komodo dragons
  12 trolls
  A raiju (Abyss:1)
  29 blink frogs
  2 bog bodies (Lair:4)
  8 hippogriffs
  5 dream sheep (Lair:5)
  Sigmund (D:3)
  7 wyverns
  24 yaks
  A vampire (D:7)
  4 wraiths
  4 hogs (D:7)
  A human (D:7)
  9 basilisks
  A chaos spawn (Abyss:1)
  A hungry ghost (D:11)
  12 steam dragons
  11 wargs
  22 water moccasins
  2 hell hounds (Lair:6)
  Duvessa (D:6)
  10 porcupines
  An ice beast (D:5)
  20 orc warriors
  2 phantoms (D:4)
  5 sky beasts
  A swamp drake (D:10)
  2 necrophages
  5 black bears
  6 ogres
  10 wolves
  13 crocodiles
  13 bullfrogs
  Blork the orc (D:6)
  A small abomination (Abyss:1)
  Dowan (D:6)
  A water moccasin skeleton (D:7)
  3 scorpions
  12 killer bees
  A howler monkey (D:4)
  18 wights
  An electric eel (Lair:4)
  4 lava snakes (Lair:6)
  3 crimson imps
  3 centaur zombies
  A bullfrog zombie (D:5)
  A quasit (D:6)
  10 hounds
  2 centaur skeletons
  42 orc priests
  Crazy Yiuf (D:4)
  3 bullfrog skeletons
  3 jellies
  25 orc wizards
  An iron imp (D:10)
  Jessica (D:3)
  2 iguanas
  Natasha (thrice) (D:3)
  10 worker ants
  8 gnolls
  17 adders
  4 shadow imps
  A white imp (D:10)
  2 adder skeletons
  2 worms (D:2)
  3 dart slugs
  5 leopard geckos
  118 orcs
  5 giant cockroaches
  6 goblins
  3 hobgoblins (D:2)
  8 jackals
  12 kobolds
  5 quokkas
  2 ball pythons
  7 bats
  3 frilled lizards (D:3)
  2 quokka skeletons (D:7)
  4 rats
  A fungus (Lair:5)
704 creatures vanquished.

Vanquished Creatures (collateral kills)
  Kirke (Lair:6)
  A fire dragon (Lair:6)
  Sonja (Lair:3)
  A black mamba (Lair:6)
  A molten gargoyle (Lair:6)
  2 komodo dragons
  3 blink frogs (Lair:6)
  3 hogs (Lair:6)
  A hell hound (Lair:6)
14 creatures vanquished.

Vanquished Creatures (others)
  2 rime drakes (Lair:2)
  A human (Lair:6)
  A centaur (D:7)
  An ogre (D:7)
  A crocodile (Lair:6)
  2 killer bees (D:10)
  2 orc wizards (D:10)
  An orc (D:10)
  6 fungi
  2 plants (Lair:2)
  2 withered plants (D:7)
21 creatures vanquished.

Grand Total: 739 creatures vanquished

Notes
Turn   | Place    | Note
-------+----------+-------------------------------------------
     0 | D:1      | Gorice the Demonspawn Wanderer began the quest for the Orb.
     0 | D:1      | Gorice set off with the following items: a +2 scale mail, a
                  | potion of curing, a +0 club, a +0 dagger, a ration
     0 | D:1      | Reached XP level 1. HP: 16/16 MP: 2/2
   135 | D:1      | Reached skill level 2 in Maces & Flails
   143 | D:1      | Gained mutation: You are partially covered in sharp spines.
                  | [demonic ancestry]
   143 | D:1      | Reached XP level 2. HP: 10/22 MP: 3/3
   849 | D:2      | Found a white marble altar of Elyvilon.
   859 | D:2      | Reached XP level 3. HP: 25/27 MP: 4/4
   888 | D:2      | Reached skill level 3 in Maces & Flails
   888 | D:2      | Reached skill level 2 in Armour
  1370 | D:2      | Reached XP level 4. HP: 33/33 MP: 5/5
  1734 | D:3      | Noticed Jessica
  1747 | D:3      | Killed Jessica
  1800 | D:3      | Noticed Sigmund
  1817 | D:3      | HP: 9/33 [Sigmund/magic dart (12)]
  1819 | D:3      | Killed Sigmund
  1819 | D:3      | Reached skill level 4 in Maces & Flails
  1819 | D:3      | Reached skill level 3 in Armour
  1819 | D:3      | Gained mutation: You have a pair of small horns on your
                  | head. [demonic ancestry]
  1819 | D:3      | Reached XP level 5. HP: 10/38 MP: 6/6
  1819 | D:3      | Reached XP level 6. HP: 12/44 MP: 7/7
  1831 | D:3      | HP: 11/44 [kobold/+0 short sword (2)]
  2422 | D:3      | Reached skill level 5 in Maces & Flails
  2465 | D:4      | Reached skill level 1 in Staves
  2487 | D:4      | Found a bloodstained altar of Trog.
  2564 | D:4      | Reached skill level 2 in Staves
  2713 | D:4      | Noticed Natasha
  2723 | D:3      | Killed Natasha
  2816 | D:4      | Reached skill level 4 in Armour
  2816 | D:4      | Reached XP level 7. HP: 50/50 MP: 8/8
  2864 | D:4      | Reached skill level 3 in Staves
  2903 | D:4      | HP: 13/50 [ogre/+0 giant club (11)]
  3147 | D:3      | Noticed Natasha
  3154 | D:3      | Killed Natasha
  3166 | D:3      | Noticed Natasha
  3173 | D:3      | Killed Natasha
  3394 | D:4      | Found a radiant altar of Vehumet.
  3456 | D:4      | Reached skill level 4 in Staves
  3702 | D:4      | Found a runed door.
  3706 | D:4      | Noticed Crazy Yiuf
  3713 | D:4      | Killed Crazy Yiuf
  3787 | D:5      | Entered Level 5 of the Dungeon
  3855 | D:5      | Found a basalt altar of Yredelemnul.
  3909 | D:5      | Found Gian's Armour Shoppe.
  3918 | D:5      | Reached XP level 8. HP: 50/56 MP: 9/9
  4130 | D:5      | Reached skill level 5 in Staves
  4281 | D:5      | Reached skill level 5 in Armour
  4301 | D:5      | Found a glowing golden altar of the Shining One.
  4764 | D:6      | Reached skill level 6 in Staves
  4848 | D:6      | Noticed Blork the orc
  4857 | D:6      | Killed Blork the orc
  4886 | D:6      | Noticed Dowan
  4907 | D:6      | Noticed Duvessa
  5077 | D:6      | Reached skill level 6 in Armour
  5080 | D:6      | Reached skill level 7 in Staves
  5582 | D:6      | Gained mutation: You sometimes gain a little power by
                  | taking damage. [demonic ancestry]
  5582 | D:6      | Reached XP level 9. HP: 55/61 MP: 10/10
  5688 | D:6      | Killed Duvessa
  5701 | D:6      | Killed Dowan
  5794 | D:6      | Found a staircase to the Ecumenical Temple.
  5803 | Temple   | Entered the Ecumenical Temple
  6122 | D:7      | Found a hide-covered altar of Uskayaw.
  6198 | D:7      | Found a runed gate.
  6198 | D:7      | Found a runed gate.
  6198 | D:7      | Found a runed gate.
  6200 | D:7      | Noticed flopdemafkees's ghost (novice GrMo)
  6201 | D:7      | Noticed TheNamelessOne's ghost (novice FoEE)
  6204 | D:7      | Noticed ohad's ghost (novice TrMo)
  6205 | D:7      | Noticed Regeox's ghost (novice HOFi)
  6211 | D:7      | Found an iron altar of Okawaru.
  6375 | D:7      | Found a glowing silver altar of Zin.
  6434 | D:7      | HP: 9/61 [something (11)]
  6671 | D:7      | Reached skill level 8 in Staves
  6716 | D:7      | Found a burning altar of Makhleb.
  6719 | D:7      | Became a worshipper of Makhleb the Destroyer
  6760 | D:7      | Found an ancient bone altar of Kikubaaqudgha.
  6837 | D:7      | Reached skill level 7 in Armour
  6847 | D:7      | Reached skill level 9 in Staves
  7106 | D:8      | Noticed a two-headed ogre
  7118 | D:8      | Killed a two-headed ogre
  7282 | D:8      | Found a staircase to the Lair.
  7315 | D:8      | Gained mutation: You are partially covered in yellow
                  | scales. (AC +2) [demonic ancestry]
  7315 | D:8      | Reached XP level 10. HP: 52/67 MP: 11/11
  7433 | D:8      | Reached skill level 10 in Staves
  7716 | D:8      | Reached skill level 8 in Armour
  7721 | D:8      | Found a hazy altar of Hepliaklqana.
  7980 | D:8      | Found a roughly hewn altar of Beogh.
  8309 | Lair:1   | Entered Level 1 of the Lair of Beasts
  8309 | Lair:1   | Noticed a spiny frog
  8322 | D:8      | Killed a spiny frog
  8322 | D:8      | Reached skill level 3 in Fighting
  8771 | Lair:1   | Noticed a black mamba
  8782 | Lair:1   | Killed a black mamba
  8917 | Lair:1   | Reached skill level 4 in Fighting
  9150 | Lair:1   | Noticed a six-headed hydra
  9155 | Lair:1   | Killed a six-headed hydra
  9315 | Lair:1   | Reached skill level 9 in Armour
  9319 | Lair:1   | Noticed a spiny frog
  9336 | Lair:1   | Killed a spiny frog
  9336 | Lair:1   | Reached skill level 5 in Fighting
  9565 | Lair:1   | Noticed a spiny frog
  9572 | Lair:1   | Killed a spiny frog
  9572 | Lair:1   | Gained mutation: You are mostly covered in sharp spines.
                  | [demonic ancestry]
  9572 | Lair:1   | Reached XP level 11. HP: 71/80 MP: 12/12
  9746 | Lair:1   | Reached * piety under Makhleb
 10140 | Lair:2   | Reached skill level 11 in Staves
 10479 | Lair:2   | Noticed a death yak
 10486 | Lair:2   | Reached skill level 6 in Fighting
 10562 | Lair:2   | Noticed a death yak
 10562 | Lair:2   | Noticed a death yak
 10562 | Lair:2   | Noticed a death yak
 10576 | Lair:1   | Killed a death yak
 11163 | Lair:1   | HP: 7/83 [death yak (20)]
 11166 | Lair:1   | Killed a death yak
 11443 | Lair:2   | Noticed a six-headed hydra
 11464 | Lair:2   | Killed a six-headed hydra
 11464 | Lair:2   | Reached skill level 10 in Armour
 11469 | Lair:2   | Reached skill level 7 in Fighting
 11499 | Lair:2   | HP: 24/84 [something/ball of steam (12)]
 11509 | Lair:2   | HP: 2/84 [komodo dragon (19)]
 11867 | D:9      | Found a glowing silver altar of Zin.
 11868 | D:9      | Found a blossoming altar of Fedhas.
 11869 | D:9      | Found an ornate altar of the Wu Jian Council.
 11997 | D:9      | Found a stormy altar of Qazlal.
 12080 | D:9      | Reached ** piety under Makhleb
 12521 | D:10     | Entered Level 10 of the Dungeon
 12674 | D:10     | Noticed a two-headed ogre
 12691 | D:10     | Killed a two-headed ogre
 12691 | D:10     | Gained mutation: You have a pair of horns on your head.
                  | [demonic ancestry]
 12691 | D:10     | Reached XP level 12. HP: 79/91 MP: 13/13
 12770 | D:10     | Reached skill level 8 in Fighting
 12782 | D:10     | Found a staircase to the Orcish Mines.
 12800 | D:10     | Reached skill level 12 in Staves
 12903 | D:10     | Noticed Josephine
 12951 | D:10     | Killed Josephine
 13553 | D:10     | Noticed Fannar
 13625 | D:9      | Killed Fannar
 13786 | D:9      | Reached skill level 11 in Armour
 13984 | D:10     | Reached *** piety under Makhleb
 14374 | D:10     | Reached skill level 9 in Fighting
 14742 | Orc:1    | Entered Level 1 of the Orcish Mines
 15096 | Orc:1    | Reached **** piety under Makhleb
 15597 | Orc:1    | Paralysed by an orc sorcerer for 5 turns
 16398 | D:11     | Reached ***** piety under Makhleb
 17039 | Lair:1   | Killed a death yak
 17039 | Lair:1   | Reached skill level 10 in Fighting
 17039 | Lair:1   | Gained mutation: You are robust. (+10% HP) [demonic
                  | ancestry]
 17039 | Lair:1   | Reached XP level 13. HP: 82/112 MP: 14/14
 17164 | Lair:1   | Reached skill level 13 in Staves
 17526 | Lair:2   | Reached skill level 12 in Armour
 18856 | Lair:1   | Upgraded the game from 0.23-a0-625-g1d2cd9b to
                  | 0.23-a0-629-gae4348f
 18966 | Lair:3   | Found a staircase to the Snake Pit.
 19242 | Lair:3   | Noticed Rupert
 19264 | Lair:3   | Killed Rupert
 19264 | Lair:3   | Reached skill level 11 in Fighting
 19339 | Lair:3   | Noticed Sonja
 19375 | Lair:3   | Killed Sonja
 20051 | Lair:4   | Reached skill level 1 in Invocations
 20052 | Lair:4   | Found a staircase to the Swamp.
 20217 | Lair:4   | Reached skill level 2 in Invocations
 20440 | Lair:4   | Reached skill level 3 in Invocations
 20861 | Lair:4   | Upgraded the game from 0.23-a0-629-gae4348f to
                  | 0.23-a0-635-g88ca12a
 21046 | Lair:5   | Reached skill level 4 in Invocations
 21060 | Lair:5   | Gained mutation: You sometimes gain power by taking damage.
                  | [demonic ancestry]
 21060 | Lair:5   | Reached XP level 14. HP: 122/125 MP: 17/17
 21291 | Lair:5   | Reached skill level 13 in Armour
 21326 | Lair:5   | Reached skill level 5 in Invocations
 21454 | Lair:5   | Found a staircase to the Slime Pits.
 21454 | Lair:5   | Found a viscous altar of Jiyva.
 22089 | Lair:6   | Entered Level 6 of the Lair of Beasts
 22102 | Lair:6   | Noticed Kirke
 22115 | Lair:6   | Noticed a sphinx
 22115 | Lair:6   | Reached skill level 12 in Fighting
 22122 | Lair:6   | Killed Kirke
 22122 | Lair:6   | Reached skill level 6 in Invocations
 22917 | Lair:6   | Found a large runed door.
 22918 | Lair:6   | Found a large runed door.
 22968 | Lair:6   | Reached skill level 7 in Invocations
 23088 | Lair:6   | Reached ****** piety under Makhleb
 23614 | Orc:2    | Entered Level 2 of the Orcish Mines
 23620 | Orc:1    | Reached skill level 8 in Invocations
 24173 | Orc:2    | HP: 30/127 [orc knight/+0 great mace (21)]
 24726 | Orc:2    | Noticed an orc warlord
 24772 | Orc:1    | Killed an orc warlord
 25066 | Orc:2    | Reached skill level 9 in Invocations
 25226 | Orc:2    | Reached skill level 13 in Fighting
 25229 | Orc:2    | Found Qoipp's Book Shop.
 25229 | Orc:2    | Found Pehih's Gadget Shoppe.
 25542 | Orc:2    | Found a roughly hewn altar of Beogh.
 25604 | Orc:2    | Found Mics's Weapon Shop.
 25604 | Orc:2    | Found Orylekhla's Jewellery Shoppe.
 25751 | Orc:2    | Found a staircase to the Elven Halls.
 25758 | Orc:2    | Noticed Erolcha
 25760 | Orc:2    | Cast into level 1 of the Abyss (Erolcha)
 25830 | Abyss:1  | Noticed a cacodemon
 25863 | Abyss:1  | Reached skill level 14 in Armour
 25874 | Abyss:1  | Killed a cacodemon
 25874 | Abyss:1  | Gained mutation: You are mostly covered in yellow scales.
                  | (AC +3) [demonic ancestry]
 25874 | Abyss:1  | Reached XP level 15. HP: 120/135 MP: 22/22
 25969 | Abyss:1  | Paralysed by you for 7 turns
 26050 | Abyss:1  | Reached skill level 10 in Invocations
 26178 | Abyss:1  | HP: 39/136 [balrug/+0 demon whip (15)]
 26178 | Abyss:1  | HP: 19/136 [balrug/+0 demon whip (20)]
 26183 | Abyss:1  | HP: 21/136 [raiju/living lightning (17)]
 26188 | Abyss:1  | HP: 33/136 [raiju/living lightning (9)]
 26191 | Abyss:1  | HP: 1/136 [raiju/living lightning (18)]
 26196 | Abyss:1  | HP: 4/136 [raiju/living lightning (21)]
 26200 | Abyss:1  | Killed from afar by a raiju

Vault maps used:
D:1:      dpeg_arrival_three_smaller_balls, serial_curves, eino_curves_03,
          eino_curves_01, chequers_serial_rivers_micro_d
D:2:      nicolae_overflow_crystal_walls, first_ration
D:3:      minmay_goblin_kobold_house, uniq_terence, uniq_sigmund, uniq_jessica
D:4:      kennysheep_little_box, bloody_trog, uniq_crazy_yiuf_cottage,
          uniq_natasha
D:5:      lemuel_crystal_altar, serial_shops, shop_statue, basic_altar,
          kennysheep_generic_room_12
D:6:      minmay_temple_entry_enclosed_plants, kennysheep_generic_room_13,
          uniq_blork_the_orc, uniq_duvessa
D:7:      eat_drink_and_be_merry_uskayaw, kennysheep_mini,
          kiku_gazebo_pond_becter, okawaru_gym_becter, basic_altar,
          gammafunk_ghost_cemetery, minivault_1, grunt_livestock,
          grunt_ministairs_11, lemuel_flamethrower_2
D:8:      nicolae_overflow_hidden_temple, erik_lair_orcish_takeover,
          david_defended_altar_orc
D:9:      chequers_temple_overflow_statue_of_worship, kennysheep_mini_moat
D:10:     david_orc_3, kennysheep_decorative_pillar, mumra_transporter_accident,
          hangedman_minor_magic, uniq_fannar, uniq_josephine
Temple:   cyrus_temple_forest
Lair:2:   beast_lair_carwin_large_2, bobbens_dragon_lair_wall
Lair:3:   minmay_snake_entry_six_corridors, chequers_serial_rivers_large_a,
          beast_lair_carwin_2, uniq_sonja, uniq_rupert
Lair:4:   dragon1_lemuel, skrybe_swamp_entry_bodies, gammafunk_lair_bear_cave,
          grunt_megastairs_2
Lair:5:   slime_altar_1, minivault_11, grunt_megastairs_4,
          infiniplex_staircase_pool_2, lemuel_fruit_tree
Lair:6:   cheibrodos_lair_end_hotspot, uniq_kirke
Orc:1:    minmay_goldmine, mines4_lemuel
Orc:2:    st_orc_town, nicolae_orc_flooded_monolith, minmay_orc_treasury,
          uniq_erolcha

Skill      XL: |  1  2  3  4  5  6  7  8  9 10 11 12 13 14 15 |
---------------+----------------------------------------------+-----
Maces & Flails | 2 3 4 5 |  5.0
Armour         | 2 3 4 6 7 9 10 11 12 14 | 14.2
Staves         | 2 4 7 9 10 11 12 13 | 13.6
Fighting       | 5 7 10 11 13 | 13.4
Invocations    | 4 9 10 | 10.4
Stealth        | |  1.7
Spellcasting   | |  1.0
Hexes          | |  1.0
Poison Magic   | |  1.0

Action                   |  1- 3 |  4- 6 |  7- 9 | 10-12 | 13-15 || total
-------------------------+-------+-------+-------+-------+-------++-------
Melee: Whip              |    72 |    61 |       |       |       ||   133
       Club              |    19 |       |       |       |       ||    19
       Quarterstaff      |       |    41 |   325 |   920 |  1375 ||  2661
       Headbutt          |       |     4 |    40 |   155 |   271 ||   470
Throw: Stone             |       |     2 |     6 |       |       ||     8
       Tomahawk          |       |       |    10 |    41 |     6 ||    57
       Javelin           |       |       |       |     6 |     3 ||     9
Invok: Lesser Servant of |       |       |       |       |    13 ||    13
Evoke: Wand              |       |       |     3 |     6 |     2 ||    11
  Use: Scroll            |     2 |     4 |     8 |     9 |     6 ||    29
       Potion            |       |       |     1 |     4 |     7 ||    12
 Stab: Confused          |       |       |       |     1 |       ||     1
       Petrified         |       |       |       |       |     4 ||     4
       Petrifying        |       |       |       |       |     3 ||     3
       Distracted        |       |       |       |       |     1 ||     1
  Eat: Chunk             |     1 |     5 |    14 |    31 |    30 ||    81
Armor: Scale mail        |    70 |    39 |   105 |     6 |       ||   220
       Plate armour      |       |       |       |   379 |   575 ||   954
Dodge: Dodged            |    49 |    34 |    87 |   136 |   221 ||   527

Table legend:
 A = Non-vault XP
 B = Vault XP
 C = Vault XP percentage of total XP
 D = Non-vault monster count
 E = Vault monster count
 F = Vault count percentage of total count
                 A         B        C        D         E       F
            +---------+---------+-------+---------+---------+-------
      Total |   65977 |   46486 |  41.3 |     474 |     247 |  34.3
            +---------+---------+-------+---------+---------+-------
        D:1 |      22 |       0 |   0.0 |      12 |       0 |   0.0
        D:2 |      98 |       0 |   0.0 |      25 |       0 |   0.0
        D:3 |     135 |     309 |  69.6 |      20 |       7 |  25.9
        D:4 |     657 |      40 |   5.7 |      18 |       1 |   5.3
        D:5 |     737 |       0 |   0.0 |      15 |       0 |   0.0
        D:6 |     815 |     313 |  27.7 |      23 |       3 |  11.5
        D:7 |     501 |     990 |  66.4 |      14 |       5 |  26.3
        D:8 |    1920 |     744 |  27.9 |       9 |      11 |  55.0
        D:9 |    3034 |    1637 |  35.0 |      30 |       4 |  11.8
       D:10 |    5419 |    2691 |  33.2 |      47 |      20 |  29.9
       D:11 |    4151 |       0 |   0.0 |      54 |       0 |   0.0
     Lair:1 |    9703 |     482 |   4.7 |      28 |       3 |   9.7
     Lair:2 |    3167 |    7813 |  71.2 |      14 |      28 |  66.7
     Lair:3 |    3149 |    5870 |  65.1 |      16 |      21 |  56.8
     Lair:4 |    3511 |    1862 |  34.7 |      21 |       7 |  25.0
     Lair:5 |    8660 |     151 |   1.7 |      39 |       1 |   2.5
     Lair:6 |    4646 |   10882 |  70.1 |      19 |      29 |  60.4
      Orc:1 |    2585 |    2704 |  51.1 |      27 |      25 |  48.1
      Orc:2 |    1560 |    9998 |  86.5 |      27 |      82 |  75.2
    Abyss:1 |   11507 |       0 |   0.0 |      16 |       0 |   0.0
            +---------+---------+-------+---------+---------+-------

Table legend:
 A = Turns spent in this place as a percentage of turns spent in the entire game.
 B = Non-inter-level travel turns spent in this place as a percentage of non-inter-level travel turns spent in the entire game.
 C = Inter-level travel turns spent in this place as a percentage of turns spent in this place.
 D = Turns resting spent in this place as a percentage of non-inter-level travel turns spent in this place.
 E = Turns spent auto-exploring this place as a percentage of non-inter-level travel turns spent in this place.
 F = Non-inter-level travel turns spent in this place divided by the number of levels of this place that you've seen.
                   A       B       C       D       E      F
               +-------+-------+-------+-------+-------+----------------------
         Total | 100.0 | 100.0 |   5.1 |  29.6 |  33.5 | 1183.4
       Dungeon |  49.1 |  49.4 |   4.5 |  30.3 |  37.4 | 1115.6
        Temple |   0.5 |   0.4 |  21.0 |   0.0 |  64.9 |  94.0
          Lair |  36.3 |  35.4 |   7.6 |  30.1 |  35.1 | 1465.7
  Orcish Mines |  12.5 |  13.1 |   0.6 |  27.7 |  18.0 | 1625.5
         Abyss |   1.7 |   1.8 |   0.0 |  18.0 |   0.0 | 440.0
               +-------+-------+-------+-------+-------+----------------------

Vault maps used:
D:1:      dpeg_arrival_three_smaller_balls, serial_curves, eino_curves_03,
          eino_curves_01, chequers_serial_rivers_micro_d
D:2:      nicolae_overflow_crystal_walls, first_ration
D:3:      minmay_goblin_kobold_house, uniq_terence, uniq_sigmund, uniq_jessica
D:4:      kennysheep_little_box, bloody_trog, uniq_crazy_yiuf_cottage,
          uniq_natasha
D:5:      lemuel_crystal_altar, serial_shops, shop_statue, basic_altar,
          kennysheep_generic_room_12
D:6:      minmay_temple_entry_enclosed_plants, kennysheep_generic_room_13,
          uniq_blork_the_orc, uniq_duvessa
D:7:      eat_drink_and_be_merry_uskayaw, kennysheep_mini,
          kiku_gazebo_pond_becter, okawaru_gym_becter, basic_altar,
          gammafunk_ghost_cemetery, minivault_1, grunt_livestock,
          grunt_ministairs_11, lemuel_flamethrower_2
D:8:      nicolae_overflow_hidden_temple, erik_lair_orcish_takeover,
          david_defended_altar_orc
D:9:      chequers_temple_overflow_statue_of_worship, kennysheep_mini_moat
D:10:     david_orc_3, kennysheep_decorative_pillar, mumra_transporter_accident,
          hangedman_minor_magic, uniq_fannar, uniq_josephine
Temple:   cyrus_temple_forest
Lair:2:   beast_lair_carwin_large_2, bobbens_dragon_lair_wall
Lair:3:   minmay_snake_entry_six_corridors, chequers_serial_rivers_large_a,
          beast_lair_carwin_2, uniq_sonja, uniq_rupert
Lair:4:   dragon1_lemuel, skrybe_swamp_entry_bodies, gammafunk_lair_bear_cave,
          grunt_megastairs_2
Lair:5:   slime_altar_1, minivault_11, grunt_megastairs_4,
          infiniplex_staircase_pool_2, lemuel_fruit_tree
Lair:6:   cheibrodos_lair_end_hotspot, uniq_kirke
Orc:1:    minmay_goldmine, mines4_lemuel
Orc:2:    st_orc_town, nicolae_orc_flooded_monolith, minmay_orc_treasury,
          uniq_erolcha
